AoeStats
← GirthSoWide

African Clearing

504329385Analyzed
2v2 RM · 28d ago on Sep 4, 2026· 52m 6s· 4 players
Game mode
Random Map
Map size
Medium (4 player)
Population
200
Speed
Normal
Resources
Standard
Victory
Conquest
Starting age
Dark Age
Ending age
Imperial Age
RankedLock teamsTeams togetherTeam positionsShared explorationLock speedFull tech treeHidden civsTurbo modeCheats
Victory
Defeat
🇺🇸 Franks · United States
781
+17
🇺🇸 Japanese · United States
762
+17
🇦🇷 Malay · Argentina
792
-17
🇦🇷 Inca · Argentina
791
-17
YoSoyMeistro
4:48 Loom
17:32 Feudal Age
18:06 Double-Bit Axe
18:18 Gold Mining
17:58 Man-at-Arms
18:26 Arson
28:18 Castle Age
27:37 Scale Mail Armor
27:55 Forging
32:01 Iron Casting
36:49 Husbandry
37:40 Stone Mining
39:05 Scale Barding Armor
41:16 Ballistics
40:53 Murder Holes
42:29 Caravan
43:04 #83
43:52 Gold Shaft Mining
45:13 Wheelbarrow
50:11 Chain Barding Armor
GirthSoWide
5:10 Loom
18:14 Feudal Age
18:18 Man-at-Arms
20:06 Wheelbarrow
21:36 Forging
21:27 Scale Mail Armor
23:11 Horse Collar
23:36 Double-Bit Axe
27:26 Castle Age
25:51 Padded Archer Armor
26:35 Fletching
27:33 Gold Mining
27:35 Stone Mining
27:27 Long Swordsman
30:22 Arson
30:23 Gambesons
30:39 Squires
31:48 Bow Saw
31:44 Heavy Plow
34:29 Pikeman
34:52 Crossbowman
37:12 Hand Cart
38:02 Iron Casting
37:43 Chain Mail Armor
39:36 Thumb Ring
38:53 Elite Skirmisher
43:16 Bodkin Arrow
43:37 Leather Archer Armor
48:08 Imperial Age
47:32 Murder Holes
47:19 Treadmill Crane
49:53 Blast Furnace
49:24 Plate Mail Armor
50:05 Kataparuto
49:18 Two-Handed Swordsman
51:44 Conscription
51:15 Halberdier
JMA
5:51 Loom
15:27 Feudal Age
15:39 Double-Bit Axe
17:18 Gold Mining
20:14 Horse Collar
26:02 Castle Age
27:11 Bow Saw
26:55 Stone Mining
38:08 Gold Shaft Mining
42:22 Imperial Age
40:24 Ballistics
41:20 Fletching
41:30 Padded Archer Armor
41:34 Town Watch
42:26 Wheelbarrow
46:26 Bodkin Arrow
46:46 Leather Archer Armor
47:54 Chemistry
47:17 Pikeman
49:29 Ring Archer Armor
49:17 Bracer
48:41 Crossbowman
50:04 Heavy Plow
50:52 Thumb Ring
TATALONGO II
12:01 Loom
12:13 Loom
14:51 Feudal Age
18:04 Double-Bit Axe
33:18 Castle Age
36:10 Pikeman
36:58 Squires
37:38 Andean Sling
37:31 Fletching
37:58 Forging
38:36 Fortified Wall
38:47 Ballistics
40:26 Padded Archer Armor
40:22 Bodkin Arrow
43:14 Wheelbarrow
50:25 Imperial Age
Connection lost

Rejoining the realm…

Still unreachable

The connection could not be restored.

Session expired

The server has moved on; the page needs a fresh start.